 Dungeon Crawl Stone Soup version 0.20.1-1-g8b1a95d (webtiles) character file.

3194 Inkary the Martial Artist (level 9, -5/75 HPs)
             Began as a Minotaur Monk on Oct 9, 2017.
             Was a Priest of Makhleb.
             Slain by a gnoll sergeant
             ... wielding a +0 glaive
              (17 damage)
             ... in a bailey on Oct 10, 2017.
             The game lasted 00:15:14 (7206 turns).

Inkary the Martial Artist (Minotaur Monk)           Turns: 7206, Time: 00:15:15

Health: -5/75      AC:  8    Str: 14 (15) XL:     9   Next: 64%
Magic:  8/8        EV: 19    Int:  6 (9)  God:    Makhleb [***...]
Gold:   377        SH:  0    Dex: 21 (22) Spells: 7/8 levels left

rFire    + . .     SeeInvis .   F - +6 flail "Cearumahi" {elec, rElec rPois rN+}
rCold    + . .     Gourm    .   (no shield)
rNeg     + . .     Faith    .   k - +0 leather armour
rPois    +         Spirit   .   (helmet restricted)
rElec    +         Reflect  .   B - +0 cloak
rCorr    +         Harm     .   l - +2 pair of gloves
MR       .....                  (no boots)
Stlth    ++........             (no amulet)
Regen    0.3/turn               (no ring)
MPRegen  0.2/turn               c - +2 ring of intelligence

@: agile, resistant, glowing
A: retaliatory headbutt, horns 2
a: Minor Destruction, Lesser Servant of Makhleb, Renounce Religion


You were in a bailey.
You worshipped Makhleb.
Makhleb was most pleased with you.
You were not hungry.

You visited 2 branches of the dungeon, and saw 8 of its levels.
You also visited: Bailey.

You collected 377 gold pieces.

Inventory:

Hand Weapons
 F - the +6 flail "Cearumahi" (weapon) {elec, rElec rPois rN+}
   (You found it on level 6 of the Dungeon)

   Occasionally, upon striking a foe, it will discharge some electrical energy
   and cause terrible harm.
   It insulates you from electricity.
   It protects you from poison.
   It protects you from negative energy.
Missiles
 s - 5 throwing nets (quivered)
Armour
 a - a +0 robe
 k - a +0 leather armour (worn)
 l - a +2 pair of gloves (worn)
 B - a +0 cloak (worn)
Jewellery
 c - a +2 ring of intelligence (right hand)
 x - an uncursed ring of fire
 D - a cursed ring of loudness {unknown}
Wands
 i - a wand of lightning (13/15)
 I - a wand of disintegration (9/24)
Scrolls
 h - 5 scrolls of remove curse
 o - 4 scrolls of blinking {unknown}
 r - 4 scrolls of teleportation {unknown}
 t - 3 scrolls of random uselessness {unknown}
 y - a scroll of enchant armour {unknown}
 C - 2 scrolls of amnesia {unknown}
 E - 2 scrolls of recharging {unknown}
 G - a scroll of fog {unknown}
 J - a scroll of enchant weapon {unknown}
Potions
 e - a potion of curing
 f - 2 potions of lignification
 m - a potion of cancellation
 q - 3 potions of ambrosia {unknown}
 u - 2 potions of flight {unknown}
 H - a potion of experience {unknown}
Books
 j - a book of Misfortune

   Spells                             Type                      Level
   a - Confusing Touch                Hexes                        1
   b - Confuse                        Hexes                        3
   c - Gell's Gravitas                Translocation                3
   d - Petrify                        Transmutation/Earth          4
   e - Metabolic Englaciation         Hexes/Ice                    5
   f - Yara's Violent Unravelling     Hexes/Transmutation          5
 v - a book of Conjurations

   Spells                             Type                      Level
   a - Magic Dart                     Conjuration                  1
   b - Searing Ray                    Conjuration                  2
   c - Dazzling Spray                 Conjuration/Hexes            3
   d - Fulminant Prism                Conjuration/Hexes            4
   e - Force Lance                    Conjuration/Translocation    4
   f - Iskenderun's Mystic Blast      Conjuration                  4
 K - a book of Battle

   Spells                             Type                      Level
   a - Infusion                       Charms                       1
   b - Shroud of Golubria             Charms/Translocation         2
   c - Song of Slaying                Charms                       2
   d - Spectral Weapon                Hexes/Charms                 3
   e - Regeneration                   Charms/Necromancy            3
Comestibles
 b - 4 bread rations
 d - 2 royal jellies
 g - 4 meat rations
 n - a chunk of flesh


   Skills:
 - Level 5.7 Fighting
 * Level 5.4 Maces & Flails
 - Level 6.4 Armour
 + Level 4.1 Dodging
 - Level 5.0 Stealth
 - Level 10.5 Unarmed Combat


You had 7 spell levels left.
You knew the following spells:

 Your Spells              Type           Power        Failure   Level  Hunger
a - Confusing Touch       Hex            #.....       52%         1    ##.....


Dungeon Overview and Level Annotations

Branches:
Dungeon (7/15)             Temple (1/1) D:6

Altars:
Cheibriados
Dithmenos
Elyvilon
Fedhas
Gozag
Hepliaklqana
Makhleb
Nemelex Xobeh
Qazlal
Ru
Sif Muna
Trog
Uskayaw
Vehumet
Xom
Yredelemnul
Zin
The Shining One


Innate Abilities, Weirdness & Mutations

You reflexively headbutt those who attack you in melee.
You have a pair of horns on your head.


Message History

* * * LOW HITPOINT WARNING * * *
The gnoll sergeant closely misses you.
You closely miss the gnoll sergeant.
Your headbutt misses the gnoll sergeant.
The gnoll sergeant is severely wounded.
The gnoll shaman closely misses you. The gnoll sergeant misses you.
The gnoll sergeant barely misses you.
The gnoll shaman calls upon its god to speed up the gnoll sergeant.
The gnoll sergeant seems to speed up.
The gnoll sergeant misses you.
You hit the gnoll sergeant but do no damage.
The gnoll sergeant is severely wounded.
The gnoll sergeant completely misses you.
The gnoll sergeant closely misses you.
The gnoll sergeant hits you with a glaive!
* * * LOW HITPOINT WARNING * * *
The gnoll shaman completely misses you.
Unknown command.
You feel better.
The gnoll sergeant hits you with a glaive!
You die...

###+# #.=.# #.@.#
#gg.g#
#8.gg.##+##
#.....#...#
#####'#...#
.#...#
.######'''######.
.......))........
≈......)).......≈


You could see 3 gnoll sergeants and 2 gnoll shamans.

Vanquished Creatures
  The ghost of ThereIsNoGod the Cudgeler, an amateur TrFi (D:4)
  A hippogriff (D:7)
  Menkaure (D:5)
  Edmund (D:5)
  An orc warrior (D:6)
  2 ice beasts
  2 ogres
  A centaur (D:6)
  A bullfrog (D:6)
  5 big kobolds (D:6)
  A water moccasin skeleton (D:5)
  4 scorpions
  6 electric eels (D:6)
  A crimson imp (D:7)
  A jelly (D:7)
  8 hounds
  A gnoll shaman (D:4)
  2 orc priests
  A bullfrog skeleton (D:6)
  4 orc wizards
  Crazy Yiuf (D:5)
  2 iguanas
  4 worker ants
  18 gnolls
  6 adders
  2 adder zombies
  2 worms (D:3)
  2 dart slugs
  4 leopard geckos
  25 orcs
  9 bats
  3 giant cockroaches
  12 goblins
  12 hobgoblins
  A jackal (D:5)
  2 quokkas
  2 ball pythons
  5 frilled lizards
  50 kobolds
  A quokka skeleton (D:5)
  A quokka zombie (D:5)
  7 rats
216 creatures vanquished.

Vanquished Creatures (others)
  5 dream sheep (D:4)
5 creatures vanquished.

Grand Total: 221 creatures vanquished

Notes
Turn   | Place    | Note
-------+----------+-------------------------------------------
     0 | D:1      | Inkary the Minotaur Monk began the quest for the Orb.
     0 | D:1      | Reached XP level 1. HP: 19/19 MP: 0/0
   269 | D:1      | Reached XP level 2. HP: 27/27 MP: 1/1
   693 | D:2      | Found a radiant altar of Vehumet.
   791 | D:2      | Reached XP level 3. HP: 26/33 MP: 2/2
   861 | D:2      | Found a white marble altar of Elyvilon.
   921 | D:2      | You fall through a shaft!
   944 | D:2      | Reached skill level 1 in Armour
  1139 | D:2      | Reached skill level 4 in Unarmed Combat
  1283 | D:3      | Noticed an ogre
  1289 | D:3      | Killed an ogre
  1289 | D:3      | Reached XP level 4. HP: 17/41 MP: 3/3
  1289 | D:3      | Reached XP level 5. HP: 20/47 MP: 4/4
  2078 | D:3      | Reached skill level 5 in Unarmed Combat
  2496 | D:4      | Reached skill level 5 in Fighting
  2496 | D:4      | Reached XP level 6. HP: 46/56 MP: 5/5
  2938 | D:4      | Noticed a dream sheep
  2938 | D:4      | Noticed a dream sheep
  2938 | D:4      | Noticed a dream sheep
  2938 | D:4      | Noticed a dream sheep
  2938 | D:4      | Noticed a dream sheep
  2938 | D:4      | Noticed ThereIsNoGod's ghost (amateur TrFi)
  2938 | D:4      | Found a shimmering altar of Xom.
  2943 | D:4      | Killed a dream sheep
  2943 | D:4      | Killed a dream sheep
  2943 | D:4      | Killed a dream sheep
  2944 | D:4      | Killed a dream sheep
  2944 | D:4      | Killed a dream sheep
  2953 | D:4      | Killed ThereIsNoGod's ghost
  2953 | D:4      | Reached skill level 6 in Unarmed Combat
  2953 | D:4      | Reached XP level 7. HP: 48/62 MP: 6/6
  3521 | D:4      | Reached skill level 7 in Unarmed Combat
  3655 | D:4      | Learned a level 1 spell: Confusing Touch
  3661 | D:5      | Entered Level 5 of the Dungeon
  3666 | D:5      | Noticed Menkaure
  3672 | D:5      | Killed Menkaure
  3728 | D:5      | Reached XP level 8. HP: 64/70 MP: 7/7
  3835 | D:5      | Reached skill level 5 in Armour
  3846 | D:5      | Noticed Edmund
  3865 | D:5      | Killed Edmund
  3865 | D:5      | Reached skill level 8 in Unarmed Combat
  4093 | D:5      | Found a stormy altar of Qazlal.
  4327 | D:5      | Found a runed door.
  4536 | D:5      | Found a bloodstained altar of Trog.
  4582 | D:5      | Found a deep blue altar of Sif Muna.
  4647 | D:5      | Found a sparkling altar of Nemelex Xobeh.
  4749 | D:5      | Noticed Crazy Yiuf
  4753 | D:5      | Killed Crazy Yiuf
  4869 | D:6      | Reached skill level 9 in Unarmed Combat
  5315 | D:6      | Found a staircase to the Ecumenical Temple.
  5346 | D:6      | Found a sacrificial altar of Ru.
  5349 | Temple   | Entered the Ecumenical Temple
  5629 | Temple   | Became a worshipper of Makhleb the Destroyer
  5629 | Temple   | Reached * piety under Makhleb
  5629 | Temple   | Reached ** piety under Makhleb
  5675 | D:6      | Reached skill level 10 in Unarmed Combat
  5675 | D:6      | Reached XP level 9. HP: 59/75 MP: 8/8
  6024 | D:6      | HP: 3/75 [electric eel/bolt of electricity (14)]
  6444 | D:6      | Got a bloodstained flail
  6445 | D:6      | Identified the +6 flail "Cearumahi" {elec, rElec rPois rN+} (You found it on level 6 of the Dungeon)
  6463 | D:6      | Reached skill level 1 in Maces & Flails
  6920 | D:7      | Reached skill level 5 in Stealth
  7034 | D:7      | Reached skill level 5 in Maces & Flails
  7115 | D:7      | Found a flagged portal.
  7118 | D:7      | Reached *** piety under Makhleb
  7128 | Bailey   | Entered a bailey
  7205 | Bailey   | HP: 1/75 [gnoll sergeant/glaive (9)]
  7206 | Bailey   | Slain by a gnoll sergeant

Skill      XL: |  1  2  3  4  5  6  7  8  9 |
---------------+----------------------------+-----
Fighting       | 4 5 |  5.7
Stealth        | 2 3 4 5 |  5.0
Armour         | 2 3 4 6 |  6.4
Unarmed Combat | 4 5 6 7 10 | 10.5
Maces & Flails | 5 |  5.4
Dodging        | 4 |  4.1

Action                   |  1- 3 |  4- 6 |  7- 9 || total
-------------------------+-------+-------+-------++-------
Melee: Unarmed           |    81 |   130 |   259 ||   470
       Headbutt          |    15 |    18 |    73 ||   106
       Punch             |     5 |     4 |    15 ||    24
       Flail             |       |       |    86 ||    86
  Use: Potion            |     1 |     1 |     9 ||    11
       Scroll            |       |       |     7 ||     7
 Stab: Sleeping          |     4 |     3 |    14 ||    21
  Eat: Chunk             |     1 |     5 |    10 ||    16
       Royal jelly       |       |       |     2 ||     2
Armor: Robe              |     7 |       |       ||     7
       Leather armour    |    10 |    18 |    91 ||   119
       Skin              |       |     7 |       ||     7
Dodge: Dodged            |    52 |    80 |   267 ||   399
